| TOP OF THE 1ST |
|
Ohio State University Buckeyes batting - Pitching for Pennsylvania State University Nittany Lions : RHP Quincy Potvin
|
|
Pitching: RHP Quincy Potvin
|
|
|
Batting: RHB Hikaru Nakata
|
0-0: Ball 1-0: Ball 2-0: Ball 3-0: Base on Balls
|
|
Batting: RHB Aaron Burnet
|
0-0: Ball 1-0: Ball 2-0: Called Strike 2-1: Swinging Strike 2-2: Strikes out swinging
|
|
Batting: SHB Ken Griffey IV
|
0-0: Ball 1-0: Fielders Choice at 2nd, 1-4 (Groundball, 15S, EV 74.4 MPH)
|
|
Batting: LHB Ben Roth
|
0-0: Ball 1-0: Foul Ball, location: 2F 1-1: Called Strike 1-2: Foul Ball, location: 2F 1-2: Fly out, F8 (Flyball, 8LXD, EV 101.9 MPH)
|
| Top of the 1st over - 0 runs, 0 hits, 0 errors, 1 left on base; Ohio State University 0 - Pennsylvania State University 0 |
| BOTTOM OF THE 1ST |
|
Pennsylvania State University Nittany Lions batting - Pitching for Ohio State University Buckeyes : RHP Curt De Kock
|
|
Pitching: RHP Curt De Kock
|
|
|
Batting: RHB John Hopkins
|
0-0: DOUBLE (Line Drive, 9LM, EV 96.2 MPH)
|
|
Batting: RHB Craig Alvarado
|
0-0: Called Strike 0-1: Fly out, F7 (Flyball, 78M, EV 88.1 MPH) Runner from 2nd tags up, SAFE at 3rd with throw by LF
|
|
Batting: RHB Kaoru Hamada
|
0-0: Ball 1-0: SINGLE (Line Drive, 56D, EV 103.1 MPH) John Hopkins scores
|
|
Batting: SHB Glenn Harrison
|
0-0: Ball 1-0: Called Strike 1-1: Ball 2-1: Foul Ball, location: 2F 2-2: Ball Kaoru Hamada is caught stealing 2nd base 2-6 3-2: Base on Balls
|
|
Batting: RHB Klaus Brown
|
0-0: Ball 1-0: Ball 2-0: Swinging Strike 2-1: 2-RUN HOME RUN (Flyball, 7D, EV 100.6 MPH), Distance : 373 ft
|
|
Batting: RHB Fernando Membreno
|
0-0: Fly out, F9 (Flyball, 9, EV 87.5 MPH)
|
| Bottom of the 1st over - 3 runs, 3 hits, 0 errors, 0 left on base; Ohio State University 0 - Pennsylvania State University 3 |
| TOP OF THE 2ND |
|
Ohio State University Buckeyes batting - Pitching for Pennsylvania State University Nittany Lions : RHP Quincy Potvin
|
|
Batting: RHB Hugo Chavez
|
0-0: Foul Ball, location: 2F 0-1: Called Strike 0-2: Fly out, F9 (Flyball, 89S, EV 73.1 MPH)
|
|
Batting: RHB Michihisa Tanaka
|
0-0: Ball 1-0: Called Strike 1-1: Ball 2-1: Foul Ball, location: 2F 2-2: Foul Ball, location: 2F 2-2: Ball 3-2: Strikes out swinging
|
|
Batting: RHB Jeff Standridge
|
0-0: Swinging Strike 0-1: Ball 1-1: Called Strike 1-2: Ball 2-2: Strikes out swinging
|
| Top of the 2nd over - 0 runs, 0 hits, 0 errors, 0 left on base; Ohio State University 0 - Pennsylvania State University 3 |
| BOTTOM OF THE 2ND |
|
Pennsylvania State University Nittany Lions batting - Pitching for Ohio State University Buckeyes : RHP Curt De Kock
|
|
Batting: LHB Elijah Mallandain
|
0-0: Foul Ball, location: 2F 0-1: Ball 1-1: SOLO HOME RUN (Line Drive, 9D, EV 101.9 MPH), Distance : 379 ft
|
|
Batting: RHB Keith Ashton
|
0-0: Foul Ball, location: 2F 0-1: Ball 1-1: Ball 2-1: Foul Ball, location: 2F 2-2: Ground out 6-3 (Groundball, 6, EV 85.6 MPH)
|
|
Batting: RHB Jesse Sargent
|
0-0: Called Strike 0-1: Called Strike 0-2: Ball 1-2: Foul Ball, location: 2F 1-2: Ball 2-2: Ball 3-2: SINGLE (Groundball, 56D, EV 98.8 MPH)
|
|
Batting: RHB John Hopkins
|
0-0: Reached on error, E5 (Groundball, 5, EV 88.1 MPH) Jesse Sargent to second
|
|
Batting: RHB Craig Alvarado
|
0-0: Ball 1-0: Foul Ball, location: 2F 1-1: Ball 2-1: Ball 3-1: Ground out 6-3 (Groundball, 6S, EV 75.6 MPH) Jesse Sargent to third John Hopkins to second
|
|
Batting: RHB Kaoru Hamada
|
0-0: Swinging Strike 0-1: Foul Ball, location: 2F 0-2: Ground out 4-3 (Groundball, 4M, EV 104.4 MPH)
|
| Bottom of the 2nd over - 1 run, 2 hits, 1 error, 2 left on base; Ohio State University 0 - Pennsylvania State University 4 |
| TOP OF THE 3RD |
|
Ohio State University Buckeyes batting - Pitching for Pennsylvania State University Nittany Lions : RHP Quincy Potvin
|
|
Batting: RHB John Britton
|
0-0: Called Strike 0-1: Ground out 6-3 (Groundball, 6, EV 87.5 MPH)
|
|
Batting: RHB Dave Villarreal
|
0-0: Ball 1-0: Ball 2-0: Called Strike 2-1: Ball 3-1: Foul Ball, location: 2F 3-2: Base on Balls
|
|
Batting: RHB Hikaru Nakata
|
0-0: Foul Ball, location: 2F 0-1: Ball 1-1: SINGLE (Groundball, 56D, EV 99.4 MPH) Dave Villarreal to second
|
|
Batting: RHB Aaron Burnet
|
0-0: Ball 1-0: Called Strike 1-1: Foul Ball, location: 2F 1-2: Ball 2-2: Ball 3-2: Foul Ball, location: 2F 3-2: Base on Balls Dave Villarreal to third Hikaru Nakata to second
|
|
Batting: SHB Ken Griffey IV
|
0-0: Ball 1-0: Called Strike 1-1: Called Strike 1-2: Foul Ball, location: 2F 1-2: Foul Ball, location: 2F 1-2: Fly out, F7 (Flyball, 7D, EV 90.6 MPH) Runner from 3rd tags up, SCORES, throw by LF Hikaru Nakata to third
|
|
Now in LF: Isaiah Heath
|
|
|
Batting: LHB Ben Roth
|
0-0: Ball 1-0: Ball 2-0: Ball 3-0: Called Strike 3-1: Fly out, F8 (Line Drive, 78M, EV 90.0 MPH)
|
| Top of the 3rd over - 1 run, 1 hit, 0 errors, 2 left on base; Ohio State University 1 - Pennsylvania State University 4 |
| BOTTOM OF THE 3RD |
|
Pennsylvania State University Nittany Lions batting - Pitching for Ohio State University Buckeyes : RHP Curt De Kock
|
|
Batting: SHB Glenn Harrison
|
0-0: DOUBLE (Flyball, 8RXD, EV 102.5 MPH)
|
|
Batting: RHB Klaus Brown
|
0-0: Called Strike 0-1: Foul Ball, location: 2F 0-2: Ball 1-2: Fly out, F6 (Popup, 6M, EV 66.9 MPH)
|
|
Batting: RHB Fernando Membreno
|
0-0: Foul Ball, location: 2F 0-1: Fly out, F6 (Line Drive, 4M, EV 62.5 MPH)
|
|
Batting: RHB Isaiah Heath
|
0-0: Ball 1-0: Called Strike 1-1: Ground out 5-3 (Groundball, 56S, EV 68.8 MPH)
|
| Bottom of the 3rd over - 0 runs, 1 hit, 0 errors, 1 left on base; Ohio State University 1 - Pennsylvania State University 4 |
| TOP OF THE 4TH |
|
Ohio State University Buckeyes batting - Pitching for Pennsylvania State University Nittany Lions : RHP Quincy Potvin
|
|
Batting: RHB Hugo Chavez
|
0-0: Called Strike 0-1: Fly out, F7 (Line Drive, 7S, EV 95.0 MPH)
|
|
Batting: RHB Michihisa Tanaka
|
0-0: Ball 1-0: Foul Ball, location: 2F 1-1: Fly out, F8 (Flyball, 78M, EV 82.5 MPH)
|
|
Batting: RHB Jeff Standridge
|
0-0: Ball 1-0: Ball 2-0: Called Strike 2-1: Foul Ball, location: 2F 2-2: Foul Ball, location: 2F 2-2: Strikes out swinging, 2-3 out at first.
|
| Top of the 4th over - 0 runs, 0 hits, 0 errors, 0 left on base; Ohio State University 1 - Pennsylvania State University 4 |
| BOTTOM OF THE 4TH |
|
Pennsylvania State University Nittany Lions batting - Pitching for Ohio State University Buckeyes : RHP Curt De Kock
|
|
Pitching: RHP Ricky Ramos
|
|
|
Batting: RHB Keith Ashton
|
0-0: Called Strike 0-1: Swinging Strike 0-2: Strikes out swinging
|
|
Batting: RHB Jesse Sargent
|
0-0: Foul Ball, location: 2F 0-1: Ball 1-1: Ball 2-1: Ground out 6-3 (Groundball, 6, EV 101.9 MPH)
|
|
Batting: RHB John Hopkins
|
0-0: Ball 1-0: Called Strike 1-1: Ground out 6-3 (Groundball, 6, EV 85.6 MPH)
|
| Bottom of the 4th over - 0 runs, 0 hits, 0 errors, 0 left on base; Ohio State University 1 - Pennsylvania State University 4 |
| TOP OF THE 5TH |
|
Ohio State University Buckeyes batting - Pitching for Pennsylvania State University Nittany Lions : RHP Quincy Potvin
|
|
Batting: RHB John Britton
|
0-0: Ball 1-0: Called Strike 1-1: Fly out, F4 (Line Drive, 4, EV 68.1 MPH)
|
|
Batting: RHB Dave Villarreal
|
0-0: Ball 1-0: Foul Ball, location: 2F 1-1: Ball 2-1: Fly out, F7 (Flyball, 7LS, EV 90.6 MPH)
|
|
Batting: RHB Hikaru Nakata
|
0-0: Foul Ball, location: 2F 0-1: Ball 1-1: Fly out, F8 (Flyball, 78M, EV 86.9 MPH)
|
| Top of the 5th over - 0 runs, 0 hits, 0 errors, 0 left on base; Ohio State University 1 - Pennsylvania State University 4 |
| BOTTOM OF THE 5TH |
|
Pennsylvania State University Nittany Lions batting - Pitching for Ohio State University Buckeyes : RHP Ricky Ramos
|
|
Batting: RHB Craig Alvarado
|
0-0: Ball 1-0: Called Strike 1-1: Ball 2-1: Swinging Strike 2-2: Strikes out swinging
|
|
Batting: RHB Kaoru Hamada
|
0-0: Ball 1-0: Swinging Strike 1-1: Called Strike 1-2: Strikes out swinging
|
|
Batting: SHB Glenn Harrison
|
0-0: Called Strike 0-1: Foul Ball, location: 2F 0-2: Ball 1-2: Ball 2-2: Strikes out swinging
|
| Bottom of the 5th over - 0 runs, 0 hits, 0 errors, 0 left on base; Ohio State University 1 - Pennsylvania State University 4 |
| TOP OF THE 6TH |
|
Ohio State University Buckeyes batting - Pitching for Pennsylvania State University Nittany Lions : RHP Quincy Potvin
|
|
Pitching: LHP James Marker
|
|
|
Batting: RHB Aaron Burnet
|
0-0: Ball 1-0: Ground out 5-3 (Groundball, 5, EV 104.4 MPH)
|
|
Batting: SHB Ken Griffey IV
|
0-0: Called Strike 0-1: Ball 1-1: Fly out, F8 (Flyball, 78S, EV 82.5 MPH)
|
|
Batting: LHB Ben Roth
|
0-0: Ball 1-0: Foul Ball, location: 2F 1-1: Foul Ball, location: 2F 1-2: Fly out, F8 (Flyball, 8LD, EV 87.5 MPH)
|
| Top of the 6th over - 0 runs, 0 hits, 0 errors, 0 left on base; Ohio State University 1 - Pennsylvania State University 4 |
| BOTTOM OF THE 6TH |
|
Pennsylvania State University Nittany Lions batting - Pitching for Ohio State University Buckeyes : RHP Ricky Ramos
|
|
Batting: RHB Klaus Brown
|
0-0: Called Strike 0-1: Called Strike 0-2: Ground out 3-1 (Groundball, 34S, EV 86.2 MPH)
|
|
Batting: RHB Fernando Membreno
|
0-0: Swinging Strike 0-1: Called Strike 0-2: Strikes out swinging
|
|
Batting: RHB Isaiah Heath
|
0-0: SOLO HOME RUN (Flyball, 78XD, EV 105.6 MPH), Distance : 418 ft
|
|
Batting: RHB Keith Ashton
|
0-0: Swinging Strike 0-1: SINGLE (Groundball, 34D, EV 103.1 MPH)
|
|
Pitching: RHP Max Carter
|
|
|
Batting: RHB Jesse Sargent
|
0-0: Ball 1-0: Ball 2-0: SINGLE (Flyball, 3D, EV 96.9 MPH) Keith Ashton to second Runner from 2nd tries for 3rd, SAFE, throw by RF made to third
|
|
Batting: RHB John Hopkins
|
0-0: Ball 1-0: Ball 2-0: Ball 3-0: Base on Balls Jesse Sargent to second
|
|
Batting: RHB Craig Alvarado
|
0-0: Ball 1-0: Foul Ball, location: 2F 1-1: Ball 2-1: Ball 3-1: Base on Balls Keith Ashton scores Jesse Sargent to third John Hopkins to second
|
|
Batting: RHB Kaoru Hamada
|
0-0: Called Strike 0-1: Ball 1-1: Ball 2-1: Foul Ball, location: 2F 2-2: Ball 3-2: Base on Balls Jesse Sargent scores John Hopkins to third Craig Alvarado to second
|
|
Batting: SHB Glenn Harrison
|
0-0: Ball 1-0: Ball 2-0: Ball 3-0: Base on Balls John Hopkins scores Craig Alvarado to third Kaoru Hamada to second
|
|
Batting: RHB Klaus Brown
|
0-0: Ball 1-0: Ball 2-0: Called Strike 2-1: Ball 3-1: Called Strike 3-2: Foul Ball, location: 2F 3-2: Base on Balls Craig Alvarado scores Kaoru Hamada to third Glenn Harrison to second
|
|
Batting: RHB Fernando Membreno
|
0-0: Ball 1-0: Ball 2-0: Called Strike 2-1: Called Strike 2-2: Foul Ball, location: 2F 2-2: Fly out, F3 (Line Drive, 3L, EV 69.4 MPH)
|
| Bottom of the 6th over - 5 runs, 3 hits, 0 errors, 3 left on base; Ohio State University 1 - Pennsylvania State University 9 |
| TOP OF THE 7TH |
|
Ohio State University Buckeyes batting - Pitching for Pennsylvania State University Nittany Lions : LHP James Marker
|
|
Batting: RHB Hugo Chavez
|
0-0: Ball 1-0: Swinging Strike 1-1: Ball 2-1: Ball 3-1: Foul Ball, location: 2F 3-2: Foul Ball, location: 2F 3-2: Foul Ball, location: 2F 3-2: Fly out, F9 (Flyball, 89S, EV 85.6 MPH)
|
|
Batting: RHB Michihisa Tanaka
|
0-0: Swinging Strike 0-1: SINGLE (Line Drive, 89S, EV 92.5 MPH)
|
|
Batting: RHB Jeff Standridge
|
0-0: Ball 1-0: Ball 2-0: Ball Passed Ball! Michihisa Tanaka to second 3-0: Called Strike 3-1: Swinging Strike 3-2: Base on Balls
|
|
Pitching: RHP Mike Watkins
|
|
|
Pinch Hitting: RHB Danny Rosario
|
0-0: Called Strike 0-1: Ball 1-1: Ball 2-1: Ball 3-1: Swinging Strike 3-2: Foul Ball, location: 2F 3-2: Base on Balls Michihisa Tanaka to third Jeff Standridge to second
|
|
Batting: RHB Dave Villarreal
|
0-0: Called Strike 0-1: Ball 1-1: Ball 2-1: Called Strike 2-2: Strikes out swinging
|
|
Batting: RHB Hikaru Nakata
|
0-0: Called Strike 0-1: Foul Ball, location: 2F 0-2: SINGLE (Flyball, 78M, EV 78.1 MPH) Michihisa Tanaka scores Jeff Standridge to third Danny Rosario to second Runner from 3rd tries for Home, SAFE, throw by LF to home
|
|
Pinch Hitting: RHB B.J. Clark
|
0-0: Foul Ball, location: 2F 0-1: Foul Ball, location: 2F 0-2: Fielders Choice at 2nd, 5-4 (Groundball, 56, EV 100.6 MPH)
|
| Top of the 7th over - 2 runs, 2 hits, 0 errors, 2 left on base; Ohio State University 3 - Pennsylvania State University 9 |
| BOTTOM OF THE 7TH |
|
Pennsylvania State University Nittany Lions batting - Pitching for Ohio State University Buckeyes : RHP Max Carter
|
|
Pitching: RHP Toyohiro Nakagawa
|
|
|
Now at SS: Danny Rosario
|
|
|
Now in LF: B.J. Clark
|
|
|
Batting: RHB Isaiah Heath
|
0-0: Ball 1-0: SINGLE (Line Drive, 34, EV 103.8 MPH)
|
|
Batting: RHB Keith Ashton
|
0-0: Called Strike 0-1: Ball 1-1: Ball 2-1: Ball 3-1: Reached on error, E6 (Groundball, 6, EV 83.1 MPH) Isaiah Heath to second
|
|
Batting: RHB Jesse Sargent
|
0-0: Ball 1-0: Ball 2-0: Ball 3-0: Base on Balls Isaiah Heath to third Keith Ashton to second
|
|
Batting: RHB John Hopkins
|
0-0: Ball 1-0: Fielders Choice at 2nd, 4-6 (Groundball, 4, EV 96.9 MPH) Isaiah Heath scores Keith Ashton to third
|
|
Batting: RHB Craig Alvarado
|
0-0: Ball 1-0: Foul Ball, location: 2F 1-1: Ball 2-1: Ball 3-1: Foul Ball, location: 2F 3-2: Fly out, F8 (Line Drive, 8LD, EV 91.2 MPH) Runner from 3rd tags up, SCORES, throw by CF
|
|
Batting: RHB Kaoru Hamada
|
0-0: 2-RUN HOME RUN (Flyball, 78XD, EV 116.2 MPH), Distance : 458 ft
|
|
Pitching: RHP Colt Robinson
|
|
|
Batting: SHB Glenn Harrison
|
0-0: Ground out 6-3 (Groundball, 6, EV 105.0 MPH)
|
| Bottom of the 7th over - 4 runs, 2 hits, 1 error, 0 left on base; Ohio State University 3 - Pennsylvania State University 13 |
| TOP OF THE 8TH |
|
Ohio State University Buckeyes batting - Pitching for Pennsylvania State University Nittany Lions : RHP Mike Watkins
|
|
Batting: SHB Ken Griffey IV
|
0-0: Ball 1-0: Ball 2-0: DOUBLE (Line Drive, 9LM, EV 106.2 MPH)
|
|
Batting: LHB Ben Roth
|
0-0: Swinging Strike 0-1: Foul Ball, location: 2F 0-2: Ball 1-2: Ball 2-2: Foul Ball, location: 2F 2-2: SINGLE (Line Drive, 6MD, EV 98.8 MPH) Ken Griffey IV to third Runner from 3rd tries for Home, SAFE, throw by CF to home
|
|
Pitching: RHP Carmem Bonnet
|
|
|
Batting: RHB Hugo Chavez
|
0-0: Ball 1-0: Called Strike 1-1: Foul Ball, location: 2F 1-2: Ball 2-2: Ball 3-2: SINGLE (Line Drive, 8LS, EV 110.6 MPH) Ben Roth to second
|
|
Batting: RHB Michihisa Tanaka
|
0-0: Swinging Strike 0-1: 3-RUN HOME RUN (Flyball, 9D, EV 96.2 MPH), Distance : 380 ft
|
|
Pinch Hitting: LHB Ricardo Torres
|
0-0: Foul Ball, location: 2F 0-1: Called Strike 0-2: Foul Ball, location: 2F 0-2: Ball 1-2: Strikes out swinging
|
|
Batting: RHB Danny Rosario
|
0-0: Ball 1-0: Ball 2-0: Fly out, F9 (Flyball, 9, EV 87.5 MPH)
|
|
Batting: RHB Dave Villarreal
|
0-0: Called Strike 0-1: Called Strike 0-2: Ball 1-2: Strikes out swinging
|
| Top of the 8th over - 4 runs, 4 hits, 0 errors, 0 left on base; Ohio State University 7 - Pennsylvania State University 13 |
| BOTTOM OF THE 8TH |
|
Pennsylvania State University Nittany Lions batting - Pitching for Ohio State University Buckeyes : RHP Colt Robinson
|
|
Now at 2B: Mike Vaughan
|
|
|
Batting: RHB Klaus Brown
|
0-0: Ball 1-0: Called Strike 1-1: Ball 2-1: Swinging Strike 2-2: Ball 3-2: Foul Ball, location: 2F 3-2: Fly out, F6 (Popup, 6M, EV 58.1 MPH)
|
|
Batting: RHB Fernando Membreno
|
0-0: Called Strike 0-1: Ball 1-1: Foul Ball, location: 2F 1-2: Ball 2-2: Fly out, F8 (Line Drive, 8RM, EV 87.5 MPH)
|
|
Batting: RHB Isaiah Heath
|
0-0: Called Strike 0-1: Ball 1-1: Fly out, F7 (Line Drive, 7, EV 97.5 MPH)
|
| Bottom of the 8th over - 0 runs, 0 hits, 0 errors, 0 left on base; Ohio State University 7 - Pennsylvania State University 13 |
| TOP OF THE 9TH |
|
Ohio State University Buckeyes batting - Pitching for Pennsylvania State University Nittany Lions : RHP Carmem Bonnet
|
|
Batting: RHB Hikaru Nakata
|
0-0: Ball 1-0: SINGLE (Line Drive, 89S, EV 105.0 MPH)
|
|
Pinch Hitting: RHB Jose Benavidez
|
0-0: Ball 1-0: Ball 2-0: Ball 3-0: Called Strike Pickoff Throw to First - Out! 1-3 3-1: Called Strike 3-2: Foul Ball, location: 2F 3-2: Foul Ball, location: 2F 3-2: Foul Ball, location: 2F 3-2: Base on Balls
|
|
Pitching: RHP Carsten Kosters
|
|
|
Batting: SHB Ken Griffey IV
|
0-0: Ball 1-0: Fielders Choice at 2nd, 4-6 (Groundball, 4, EV 93.1 MPH)
|
|
Batting: LHB Ben Roth
|
0-0: Foul Ball, location: 2F 0-1: Ball 1-1: Fly out, F6 (Popup, 6, EV 66.9 MPH)
|
| Top of the 9th over - 0 runs, 1 hit, 0 errors, 1 left on base; Ohio State University 7 - Pennsylvania State University 13 |
|